 Dungeon Crawl Stone Soup version 0.28-a0-1206-g193881aaa2 (webtiles) character file.

Game seed: 9571252711784660450

1332 emnemthenerd the Slasher (level 8, -9/71 HPs)
             Began as a Minotaur Berserker on Dec 20, 2021.
             Was a Believer of Trog.
             Mangled by a yak (12 damage)
             ... on level 5 of the Dungeon.
             The game lasted 00:17:17 (6330 turns).

emnemthenerd the Slasher (Minotaur Berserker)       Turns: 6330, Time: 00:17:17

Health: -9/71      AC: 11    Str: 21    XL:     8   Next: 34%
Magic:  7/7        EV:  9    Int:  4    God:    Trog [**....]
Gold:   221        SH:  0    Dex: 13    Spells: 7/7 levels left

rFire   . . .      SeeInvis .   m - +4 scythe (venom)
rCold   . . .      Faith    .   (shield currently unavailable)
rNeg    . . .      Spirit   .   n - +0 chain mail
rPois   .          Reflect  .   (helmet restricted)
rElec   .          Harm     .   (no cloak)
rCorr   .          Rampage  .   (no gloves)
Will    .....                   r - +0 pair of boots
Stlth   ..........              (no amulet)
HPRegen 0.21/turn               s - ring of flight
MPRegen 0.10/turn               (no ring)

@: on berserk cooldown, flying, slowed, very slow
A: horns 2, retaliatory headbutt
a: Renounce Religion, Berserk, Trog's Hand


You were on level 5 of the Dungeon.
You worshipped Trog.
Trog was pleased with you.
You visited 1 branch of the dungeon, and saw 5 of its levels.

You collected 221 gold pieces.

Inventory:

Hand Weapons
 a - a +0 falchion
 m - a +4 scythe of venom (weapon)
Armour
 b - a +0 animal skin
 j - a +0 ring mail
 n - a +0 chain mail (worn)
 r - a +0 pair of boots (worn)
Jewellery
 s - a ring of flight (left hand)
Wands
 e - a wand of acid (13) (quivered)
Scrolls
 g - a scroll of amnesia {unknown}
 h - a scroll of identify {unknown}
 k - a scroll of brand weapon {unknown}
 l - 2 scrolls of noise {unknown}
 o - a scroll of fog {unknown}
 q - a scroll of enchant weapon {unknown}
Potions
 c - 2 potions of curing {unknown}
 d - a potion of magic {unknown}
 f - a potion of flight {unknown}
 i - 2 potions of lignification {unknown}
 p - 2 potions of heal wounds {unknown}


   Skills:
 + Level 6.4 Fighting
 + Level 6.9 Long Blades
 + Level 5.0 Polearms
 + Level 6.5 Armour
 + Level 4.0 Dodging
 + Level 1.5 Stealth


You had 7 spell levels left.
You didn't know any spells.
Your spell library contained the following spells:

 Spells                   Type           Power      Damage    Failure   Level
 Passwall                 Tmut/Erth      0%         N/A       100%        2
 Swiftness                Air            0%         N/A       100%        3


Dungeon Overview and Level Annotations

Branches:
Dungeon (5/15)
 Temple: D:4-7

Altars:

Shops:
D:3 =


Innate Abilities, Weirdness & Mutations

You have a pair of horns on your head.
You reflexively headbutt those who attack you in melee.


Message History

You barely miss the yak.
The yak is moderately wounded.
The yak gores you but does no damage. The yak barely misses you.
You slash the yak!
The yak looks as sick as possible!
The yak is heavily wounded.
You are no longer berserk.
You are exhausted.
You feel yourself slow down. The yak gores you! The yak closely misses you.
You are too injured to fight recklessly!
You are too injured to fight recklessly!
You slash the yak!
The yak looks as sick as possible!
You headbutt the yak.
You kill the yak!
Trog accepts your kill. The yak closely misses you.
The water moccasin skeleton misses you. The yak gores you but does no damage.
The water moccasin skeleton barely misses you.
The yak closely misses you.
You slice the water moccasin skeleton!!
You destroy the water moccasin skeleton!
Trog accepts your kill. The yak gores you! The yak completely misses you.
Your Polearms skill increases to level 5!
You slash the yak!
The yak is poisoned.
The yak is lightly wounded.
The yak gores you. The yak gores you but does no damage. The yak gores you.
* * * LOW HITPOINT WARNING * * *
You barely miss the yak.
The yak is moderately wounded.
The yak gores you but does no damage. The yak gores you!
* * * LOW HITPOINT WARNING * * *
The yak closely misses you.
You fly up into the air.
s - a ring of flight (left hand)
The yak gores you.
* * * LOW HITPOINT WARNING * * *
The yak gores you!
* * * LOW HITPOINT WARNING * * *
Okay, then.
Found a human corpse.
The yak gores you!
You die...

.... ... .......
#.....##.#######...##.
#.....................
.....##.##.#.........
.........#.#.........
......#.$#.#.........
...[..........#..# #.
#...#.#...#.#.##..###.
.#$..#@#†>..†..........
........Y...............
#...######..#.#.#.#.###.
.† ...........#.# #.
###..#.#.###.# #.
..........#.# #.
##..#.###.#.# #. #..#.#
#.# #. #.


You could see a yak (poisoned).

Vanquished Creatures
  Sigmund (D:4)
  2 yaks (D:5)
  Duvessa (D:4)
  A black bear (D:5)
  A necrophage (D:5)
  2 phantoms
  A scorpion (D:2)
  Dowan (D:4)
  A water moccasin skeleton (D:5)
  3 hounds
  A bullfrog skeleton (D:4)
  Natasha (twice) (D:4)
  Robin (D:2)
  4 adders
  An adder skeleton (D:5)
  A worm (D:3)
  A dart slug (D:1)
  7 orcs
  5 bats
  6 endoplasms
  5 giant cockroaches
  13 goblins
  3 hobgoblins
  3 jackals (D:1)
  6 quokkas
  8 ball pythons
  3 frilled lizards (D:1)
  6 kobolds
  4 rats
94 creatures vanquished.

Vanquished Creatures (others)
  A demonic plant (D:1)
  9 plants (D:4)
  A withered plant (D:1)
11 creatures vanquished.

Grand Total: 105 creatures vanquished

Notes
Turn   | Place    | Note
-------+----------+-------------------------------------------
     0 | D:1      | emnemthenerd the Minotaur Berserker began the quest for the
                  | Orb.
     0 | D:1      | Reached XP level 1. HP: 19/19 MP: 0/0
   290 | D:1      | Reached XP level 2. HP: 19/27 MP: 1/1
   690 | D:1      | Reached ** piety under Trog
   818 | D:1      | Found a faded altar of an unknown god.
   863 | D:1      | Reached XP level 3. HP: 33/33 MP: 2/2
  1524 | D:2      | Noticed Robin
  1538 | D:2      | Killed Robin
  1545 | D:2      | Reached XP level 4. HP: 15/41 MP: 3/3
  1968 | D:2      | Noticed a scorpion
  1974 | D:2      | Killed a scorpion
  1975 | D:2      | Reached skill level 5 in Long Blades
  2451 | D:3      | Reached XP level 5. HP: 47/47 MP: 4/4
  2881 | D:3      | Found Seatok's Jewellery Boutique.
  3543 | D:4      | Reached skill level 5 in Fighting
  3561 | D:4      | Noticed Sigmund
  3561 | D:4      | Noticed a phantom
  3567 | D:4      | Killed a phantom
  3568 | D:4      | Reached XP level 6. HP: 56/56 MP: 5/5
  3573 | D:4      | Killed Sigmund
  3574 | D:4      | Reached skill level 1 in Stealth
  3782 | D:4      | Noticed Natasha
  3802 | D:4      | Killed Natasha
  4130 | D:4      | Noticed Natasha
  4137 | D:4      | Killed Natasha
  4138 | D:4      | Reached XP level 7. HP: 61/61 MP: 6/6
  4341 | D:4      | Noticed Duvessa
  4341 | D:4      | Noticed Dowan
  4347 | D:4      | Killed Duvessa
  4348 | D:4      | Reached skill level 1 in Polearms
  4355 | D:4      | Killed Dowan
  5634 | D:5      | Entered Level 5 of the Dungeon
  5987 | D:5      | Reached skill level 5 in Armour
  6308 | D:5      | Noticed a yak
  6311 | D:5      | Noticed a yak
  6313 | D:5      | Noticed a yak
  6316 | D:5      | Killed a yak
  6317 | D:5      | Reached XP level 8. HP: 70/70 MP: 7/7
  6326 | D:5      | Reached skill level 5 in Polearms
  6329 | D:5      | HP: 2/71 [yak (7)]
  6330 | D:5      | Mangled by a yak

Illustrated notes

Levels and vault maps discovered:
D:1:      minmay_arrival_four_houses, layout_loops_ring,
          shapermc_ecumenical_altar_gd, minmay_misc_feat_cross
D:2:      layout_basic, uniq_robin
D:3:      kb_forest_paths, layout_loops_corners, serial_shops, shop
D:4:      layout_gridville, serial_bayou_lake_a, uniq_sigmund, uniq_natasha,
          uniq_duvessa
D:5:      layout_basic, serial_shops, nicolae_shop_bloodbath_and_beyond,
          nicolae_shop_clearance

Skill      XL: |  1  2  3  4  5  6  7  8 |
---------------+-------------------------+-----
Long Blades    | 4 5 6 |  6.9
Fighting       | 4 5 6 |  6.4
Dodging        | 3 4 |  4.0
Armour         | 3 4 5 6 |  6.5
Stealth        | 1 |  1.5
Polearms       | 4 5 |  5.0

Action                   |  1- 3 |  4- 6 |  7- 9 || total
-------------------------+-------+-------+-------++-------
Melee: Falchion          |    76 |    84 |       ||   160
       Headbutt          |     9 |    19 |     9 ||    37
       Scythe            |       |    20 |    43 ||    63
Invok: Berserk           |     1 |     3 |     3 ||     7
  Use: Scroll            |       |       |     1 ||     1
Armor: Animal skin       |    11 |     9 |       ||    20
       Ring mail         |       |    13 |       ||    13
       Chain mail        |       |    19 |    30 ||    49
Dodge: Dodged            |    46 |    61 |    35 ||   142

Table legend: (Time is in decaauts)
 A = Elapsed time spent in this place.
 B = Non-inter-level travel time spent in this place.
 C = Inter-level travel time spent in this place.
 D = Time resting spent in this place.
 E = Time spent auto-exploring this place.
 F = Levels seen in this place.
 G = Mean time per level.
                   A        B        C        D        E       F      G
               +--------+--------+--------+--------+--------+-----+--------+
         Total |   6465 |   5920 |    545 |   1627 |   3691 |   5 | 1293.0 |
       Dungeon |   6465 |   5920 |    545 |   1627 |   3691 |   5 | 1293.0 |
               +--------+--------+--------+--------+--------+-----+--------+

Top non-repeatable levels by time:
     D:4: 2198 daAuts
     D:1: 1262 daAuts
     D:3: 1146 daAuts
     D:2: 1127 daAuts
     D:5: 730 daAuts
